 Dungeon Crawl Stone Soup version 0.28-a0-247-gb8bfbab023 (webtiles) character file.

Game seed: 15510393704396067822

5226 robertstho the Thaumaturge (level 10, 0/70 HPs)
             Began as a Djinni Fire Elementalist on Aug 25, 2021.
             Was an Initiate of Gozag.
             Shot with an arrow by a centaur warrior (12 damage)
             ... on level 9 of the Dungeon.
             The game lasted 00:20:49 (12955 turns).

robertstho the Thaumaturge (DjFE)                  Turns: 12955, Time: 00:20:49

Health: 0/70       AC:  6    Str:  7    XL:     10   Next: 92%
Gold:   729        EV: 12    Int: 20    God:    Gozag SH:  3 Dex: 14

rFire   + + .      SeeInvis .   x - +0 demon whip (venom)
rCold   x . .      Faith    .   B - +0 buckler
rNeg    . . .      Spirit   .   v - +0 steam dragon scales
rPois   ∞          Reflect  .   (no helmet)
rElec   .          Harm     .   m - +0 cloak
rCorr   .          Rampage  .   (no gloves)
Will    +....                   (boots unavailable)
Stlth   ++........              (no amulet)
HPRegen 0.21/turn               (no ring)
MPRegen 0.00/turn               (no ring)

@: gold aura, flying
A: sickness immunity, fire resistance 2, cold vulnerability 1, float, innate
caster, hp casting, extra vitality 1
a: Renounce Religion, Potion Petition, Call Merchant, Bribe Branch


You were on level 9 of the Dungeon.
You worshipped Gozag.
Gozag was pleased with you.
You visited 2 branches of the dungeon, and saw 10 of its levels.

You collected 822 gold pieces.
You paid 93 gold pieces to Gozag.

Inventory:

Hand Weapons
 i - a +0 vampiric halberd
 x - a +0 demon whip of venom (weapon)
Missiles
 n - a throwing net
Armour
 m - a +0 cloak (worn)
 o - a +1 robe of fire resistance
 v - +0 steam dragon scales (worn)
 B - a +0 buckler (worn)
Wands
 f - a wand of digging (4)
 j - a wand of iceblast (6)
 p - a wand of flame (21)
 r - a wand of paralysis (10)
Scrolls
 c - a scroll of brand weapon
 d - 3 scrolls of vulnerability
 h - 2 scrolls of enchant armour
 l - a scroll of noise {unknown}
 s - a scroll of immolation {unknown}
 u - a scroll of enchant weapon {unknown}
Potions
 a - 2 potions of degeneration {unknown}
 b - a potion of curing
 e - a potion of haste {unknown}
 k - a potion of brilliance {unknown}
 q - a potion of berserk rage
 t - a potion of flight {unknown}
 z - a potion of resistance {unknown}
 A - a potion of might {unknown}


   Skills:
 * Level 5.4 Fighting
 + Level 3.0 Polearms
 + Level 4.3 Dodging
 + Level 3.7 Stealth
 * Level 10.1 Spellcasting


You had 5 spell levels left.
You knew the following spells:

 Your Spells              Type           Power      Damage    Failure   Level
a - Foxfire               Conj/Fire      100%       2x1d9     1%          1
b - Conjure Flame         Conj/Fire      50%        6-21      1%          3
c - Inner Flame           Hex/Fire       50%        N/A       1%          3
d - Sticky Flame          Conj/Fire      50%        2d7       1%          4
e - Fireball              Conj/Fire      25%        3d11      4%          5
f - Magic Dart            Conj           100%       1d8       1%          1
g - Searing Ray           Conj           100%       3d7       1%          2
h - Call Imp              Summ           50%        N/A       1%          2
i - Swiftness             Air            50%        N/A       1%          3
Your spell library was empty.

Dungeon Overview and Level Annotations

Branches:
Dungeon (9/15)             Temple (1/1) D:6
   Lair: D:8-11         Orc: D:9-12

Altars:
Ashenzari
Cheibriados
Dithmenos
Elyvilon
Fedhas
Gozag
Hepliaklqana
Kikubaaqudgha
Makhleb
Nemelex Xobeh
Okawaru
Qazlal
Ru
Sif Muna
Trog
Vehumet
Wu Jian
Yredelemnul
Zin
The Shining One

Shops:
D:3 :   D:4 *

Annotations:
D:3 1 runed translucent door, Pooter's ghost, amateur MiBe
D:7 3 runed translucent doors, noodleboyJ's ghost, novice FeWn


Innate Abilities, Weirdness & Mutations

You are immune to sickness and miasma.
You are immune to poison.
Your flesh is very heat resistant. (rF++)
You are vulnerable to cold. (rC-)
You float through the air rather than walking.
You learn spells naturally, not from books.
Your magical power is your life essence.
You have superior vitality. (+4 HP)


Message History

Aim: a centaur warrior, wielding a +0 longbow and quivering arrows (heavily wounded)
The fireball explodes!
The fireball engulfs the centaur warrior!
The centaur warrior is severely wounded.
The centaur warrior shoots an arrow.
The arrow hits you!
* * * LOW HITPOINT WARNING * * *
Unknown command.
Casting: Fireball (dangerous; 4% risk of failure)
Confirm with . or Enter, or press ? or * to list all spells.
Aiming: Fireball (dangerous; 4% risk of failure)
Press: ? - help, Shift-Dir - straight line, f/p - centaur warrior
Aim: a centaur warrior, wielding a +0 longbow and quivering arrows (severely wounded)
The fireball explodes!
The fireball engulfs the centaur warrior!!
The centaur warrior is almost dead.
* * * LOW HITPOINT WARNING * * *
The centaur warrior shoots an arrow.
The arrow closely misses you.
The centaur warrior is distracted by your dazzling golden aura.
Unknown command.
Okay, then.
As you read the scroll of teleportation, it crumbles to dust.
You feel strangely unstable.
Your magical contamination has completely faded away.
You feel better.
You feel better.
Found a wand of iceblast (12).
Found a stone staircase leading up.
Your surroundings suddenly seem different.
Casting: Fireball (dangerous; 4% risk of failure)
Confirm with . or Enter, or press ? or * to list all spells.
Aiming: Fireball (dangerous; 4% risk of failure)
Press: ? - help, Shift-Dir - straight line, f/p - centaur warrior
Aim: a centaur warrior, wielding a +0 longbow and quivering arrows (almost dead, wandering, hasn't noticed you)
The fireball explodes!
The fireball engulfs the centaur warrior.
The centaur warrior is almost dead.
The centaur warrior shouts!
* * * LOW HITPOINT WARNING * * *
The centaur warrior shoots an arrow.
The arrow hits you!
You die...
Your body crumbles into a pile of gold.

#.....<.......
#.####........
.<#.######.
#.#.#
#.#.######.##
#...........#
#.###.####..#
#####.##...#
.......@.#..#
##.#.##.....#
.. c........
#..##$#.#....
#/# #....^###
#.....# ...
... ........


You could see a centaur warrior.

Vanquished Creatures
  Pikel (D:5)
  Maggie (D:7)
  3 vampire mosquitoes (D:8)
  Menkaure (D:7)
  Duvessa (D:5)
  2 water moccasins
  A sky beast (D:6)
  An ice beast (D:8)
  An orc warrior (D:6)
  4 necrophages
  2 ogres
  8 centaurs
  4 lemures (D:5)
  2 kobold brigands
  2 phantoms
  4 bullfrogs
  A gnoll sergeant (D:8)
  Dowan (D:5)
  A scorpion (D:4)
  3 killer bees (D:6)
  5 howler monkeys
  A centaur zombie (D:7)
  4 hounds
  A jelly (D:5)
  A gnoll shaman (D:7)
  5 orc priests
  A centaur skeleton (D:7)
  4 orc wizards
  4 iguanas
  A scorpion zombie (D:5)
  A statue (D:6)
  Robin (D:4)
  35 gnolls
  2 howler monkey skeletons
  10 adders
  2 white imps (D:5)
  An adder skeleton (D:4)
  2 worms (D:2)
  2 dart slugs
  40 orcs
  3 ball pythons
  2 bats (D:2)
  3 endoplasms
  2 giant cockroaches
  7 hobgoblins
  14 jackals (D:3)
  8 quokkas
  2 frilled lizards (D:1)
  13 goblins
  6 kobolds
  A quokka skeleton (D:4)
  2 rats
  A spectral hobgoblin (D:1)
231 creatures vanquished.

Vanquished Creatures (collateral kills)
  A foxfire (D:3)
1 creature vanquished.

Vanquished Creatures (others)
  A human (D:6)
  841 foxfires
  24 plants (D:5)
866 creatures vanquished.

Grand Total: 1098 creatures vanquished

Notes
Turn   | Place    | Note
-------+----------+-------------------------------------------
     0 | D:1      | robertstho the Djinni Fire Elementalist began the quest for
                  | the Orb.
     0 | D:1      | Reached XP level 1. HP: 15/15 MP: 0/0
    10 | D:1      | Noticed an ogre
   571 | D:1      | Found a faded altar of an unknown god.
   575 | D:1      | Reached XP level 2. HP: 17/21 MP: 0/0
  1253 | D:2      | Reached skill level 3 in Spellcasting
  1253 | D:2      | Reached XP level 3. HP: 19/25 MP: 0/0
  1253 | D:2      | Learned a level 1 spell: Magic Dart
  1277 | D:2      | Reached XP level 4. HP: 6/31 MP: 0/0
  2845 | D:3      | Reached skill level 1 in Fighting
  2845 | D:3      | Reached XP level 5. HP: 32/37 MP: 0/0
  2845 | D:3      | Learned a level 2 spell: Searing Ray
  2934 | D:3      | Reached skill level 4 in Spellcasting
  3231 | D:3      | Found Faqaix's Book Shoppe.
  3259 | D:3      | Found a runed translucent door.
  3260 | D:3      | Noticed Pooter's ghost (amateur MiBe)
  3546 | D:3      | Reached XP level 6. HP: 32/42 MP: 0/0
  3941 | D:3      | Reached skill level 5 in Spellcasting
  4262 | D:3      | Reached XP level 7. HP: 33/49 MP: 0/0
  4262 | D:3      | Learned a level 2 spell: Call Imp
  5555 | D:4      | Reached skill level 6 in Spellcasting
  5566 | D:4      | Reached XP level 8. HP: 14/55 MP: 0/0
  6254 | D:4      | Noticed Robin
  6262 | D:4      | Killed Robin
  6492 | D:4      | Found Isylon's Elemental Accessories.
  6598 | D:5      | Entered Level 5 of the Dungeon
  6618 | D:5      | Reached skill level 7 in Spellcasting
  7260 | D:5      | Reached XP level 9. HP: 57/61 MP: 0/0
  7260 | D:5      | Learned a level 3 spell: Swiftness
  7322 | D:5      | Noticed Pikel
  7329 | D:5      | Noticed Duvessa
  7755 | D:5      | Killed Pikel
  7756 | D:5      | Reached skill level 1 in Polearms
  7756 | D:5      | Reached skill level 8 in Spellcasting
  7880 | D:5      | Found a hazy altar of Hepliaklqana.
  7952 | D:5      | Noticed Dowan
  7966 | D:5      | Killed Duvessa
  7967 | D:5      | Killed Dowan
  8667 | D:6      | Found a glowing silver altar of Zin.
  8765 | D:6      | Found a staircase to the Ecumenical Temple.
  8784 | Temple   | Entered the Ecumenical Temple
  8964 | Temple   | Became a worshipper of Gozag Ym Sagoz the Greedy
  9041 | D:6      | Reached skill level 9 in Spellcasting
  9384 | D:6      | Reached XP level 10. HP: 22/69 MP: 0/0
 10360 | D:7      | Found a blossoming altar of Fedhas.
 10685 | D:7      | Noticed Menkaure
 10687 | D:7      | Killed Menkaure
 10695 | D:7      | Noticed Maggie
 10699 | D:7      | Killed Maggie
 10700 | D:7      | Reached skill level 5 in Fighting
 11404 | D:7      | Found a snail-covered altar of Cheibriados.
 11708 | D:7      | Found a runed translucent gate.
 11709 | D:7      | Found a runed translucent gate.
 11710 | D:7      | Found a runed translucent gate.
 11718 | D:7      | Noticed noodleboyJ's ghost (novice FeWn)
 12053 | D:8      | Reached skill level 10 in Spellcasting
 12096 | D:8      | Found an ornate altar of the Wu Jian Council.
 12945 | D:9      | Noticed a centaur warrior
 12955 | D:9      | Shot with an arrow by a centaur warrior

Illustrated notes

Levels and vault maps discovered:
D:1:      evilmike_arrival_come_back, layout_basic,
          dreamdust_ecumenical_altar_drowned_temple
D:2:      layout_basic, kennysheep_boxes
D:3:      lemuel_castle_with_subvaults [lemuel_castle_interior_carwin_2],
          layout_basic, serial_shops, shop, gammafunk_ghost_grave
D:4:      layout_cave_pods, nicolae_elemental_shop, serial_bayou_crossing,
          uniq_robin
D:5:      layout_loops_ring, general_overflow_altar, serial_bayou_pond_c,
          uniq_pikel, uniq_duvessa
D:6:      minmay_general_purpose_star, layout_basic, zin_statuary,
          tgw_kikubaaqudgha, vehumet_statue, minmay_temple_entry_arrows,
          enter_ossuary_2
D:7:      layout_basic, mainiacjoe_overflow_cross_hatched,
          mainiacjoe_overflow_paths, gammafunk_ghost_split, minmay_starry_boxes,
          uniq_menkaure, uniq_maggie
D:8:      layout_loops_ring, mainiacjoe_overflow_brackets
D:9:      layout_loops_ring, roderic_roman_lattice, minivault_11,
          minmay_evil_grid
Temple:   nicolae_temple_god_jail

Skill      XL: |  1  2  3  4  5  6  7  8  9 10 |
---------------+-------------------------------+-----
Spellcasting   | 3 4 5 6 7 9 10 | 10.1
Fighting       | 1 2 3 4 5 |  5.4
Stealth        | 2 3 |  3.7
Polearms       | 1 3 |  3.0
Dodging        | 3 4 |  4.3

Action                   |  1- 3 |  4- 6 |  7- 9 | 10-12 || total
-------------------------+-------+-------+-------+-------++-------
Melee: Halberd           |       |     1 |    46 |    10 ||    57
       Demon whip        |       |       |       |     3 ||     3
 Cast: Foxfire           |    46 |   225 |   229 |     4 ||   504
       Sticky Flame      |       |       |    18 |    11 ||    29
       Fireball          |       |       |    10 |    57 ||    67
       Searing Ray       |       |       |     5 |       ||     5
  Use: Scroll            |       |       |    10 |     3 ||    13
       Potion            |       |       |     2 |     4 ||     6
 Stab: Distracted        |       |       |     1 |       ||     1
       Sleeping          |       |       |       |     1 ||     1
Armor: Robe              |     1 |       |    15 |     1 ||    17
       Steam dragon scal |       |       |       |     4 ||     4
Dodge: Dodged            |     2 |     5 |    73 |    21 ||   101

Table legend: (Time is in decaauts)
 A = Elapsed time spent in this place.
 B = Non-inter-level travel time spent in this place.
 C = Inter-level travel time spent in this place.
 D = Time resting spent in this place.
 E = Time spent auto-exploring this place.
 F = Levels seen in this place.
 G = Mean time per level.
                   A        B        C        D        E       F      G
               +--------+--------+--------+--------+--------+-----+--------+
         Total |  12978 |  12594 |    384 |    892 |   9906 |  10 | 1297.8 |
       Dungeon |  12781 |  12413 |    368 |    892 |   9738 |   9 | 1420.1 |
        Temple |    196 |    180 |     16 |      0 |    168 |   1 |  196.0 |
               +--------+--------+--------+--------+--------+-----+--------+

Top non-repeatable levels by time:
     D:3: 2866 daAuts
     D:5: 1843 daAuts
     D:6: 1720 daAuts
     D:7: 1638 daAuts
     D:2: 1265 daAuts
     D:4: 1264 daAuts
     D:1: 1200 daAuts
     D:8: 957 daAuts
  Temple: 196 daAuts
     D:9: 24 daAuts
